 Dungeon Crawl Stone Soup version 0.14-a0-1974-gdb6e453 (webtiles) character file.

269 Nicoed the Skirmisher (level 5, -3/42 HPs)
             Began as a Human Fighter on Jan 17, 2014.
             Killed by divine providence
             ... invoked by an orc priest
              (12 damage)
             ... on Level 4 of the Dungeon.
             The game lasted 00:08:57 (3181 turns).

Nicoed the Skirmisher (Human Fighter)               Turns: 3181, Time: 00:08:58

HP  -3/42        AC  8     Str 17      XL: 5   Next: 43%
MP  14/14        EV  6     Int  9      God:
Gold 133         SH 18     Dex 12      Spells:  0 memorised,  4 levels left

rFire  . . .     SeeInvis .     r - +0 falchion
rCold  . . .     Clarity  +     t - +2 scale mail
rNeg   . . .     Conserve .     c - +0 shield
rPois  .         rCorr    .     (no helmet)
rElec  .         rRot     .     (no cloak)
SustAb . .       Spirit   .     (no gloves)
rMut   .         Warding  .     (no boots)
Saprov . . .     Stasis   .     n - amulet of clarity
MR     .....                    z - ring of magical power
                                s - ring of flight

@: not resistant to hostile enchantments, extremely unstealthy
A: no striking features
a: Evoke Flight


You were on level 4 of the Dungeon.
You were not hungry.

You visited 1 branch of the dungeon, and saw 4 of its levels.

You collected 133 gold pieces.

Inventory:

Hand weapons
 r - a +0,+0 falchion (weapon)
Armour
 c - a +0 shield (worn)
 t - a +2 scale mail (worn)
Magical devices
 b - a wand of flame (7)
 u - a wand of disintegration (10)
 w - a wand of lightning (4)
Comestibles
 d - a bread ration
 q - 2 meat rations
Scrolls
 a - a scroll of enchant weapon II {unknown}
 e - a scroll of noise {unknown}
 f - 3 scrolls of remove curse {unknown}
 h - a scroll of curse weapon {unknown}
 i - a scroll of fog {unknown}
 j - a scroll of teleportation
 l - 3 scrolls of enchant weapon I {unknown}
 p - 2 scrolls of recharging {unknown}
 v - 2 scrolls of identify
 y - a scroll of amnesia {unknown}
 A - a scroll of immolation {unknown}
Jewellery
 n - an amulet of clarity (around neck)
 s - a ring of flight (left hand)
 z - a ring of magical power (right hand)
Potions
 g - a potion of curing {unknown}
 k - 2 potions of heal wounds {unknown}
 m - 2 potions of speed {unknown}
 o - a potion of invisibility {unknown}


   Skills:
 + Level 3.9 Fighting
 + Level 2.8 Long Blades
 + Level 3.4 Armour
 + Level 2.0 Dodging
 + Level 3.6 Shields


You had 4 spell levels left.
You didn't know any spells.

Dungeon Overview and Level Annotations

Branches:
Dungeon (4/16)
 Temple: D:4-7

Altars:
Makhleb
Vehumet
the Shining One

Shops:
D:4 *

Annotations:
D:3 Sigmund


Message History

The orc priest barely misses you.
The orc priest mumbles some strange prayers to Beogh against you.
Something smites you!
The orc wizard mumbles some strange words.
The orc wizard seems to speed up.
The orc wizard gestures at you while chanting.
The puff of frost hits you! You block the orc priest's attack.
The orc priest mumbles some strange prayers to Beogh against you.
Something smites you!
The orc priest invokes the aid of Beogh against you.
You strain under the huge effort it takes to resist.
The orc priest calls down the wrath of Beogh upon you.
Pain shoots through your body!
* * * LOW HITPOINT WARNING * * *
The orc wizard points at you and mumbles some strange words.
The puff of flame hits you!
* * * LOW HITPOINT WARNING * * *
The orc priest invokes the aid of Beogh against you.
Something smites you!
You die...

.....# #.# # ####.# #.# # #.# #>#
####### #.# #.######.#.... ####.#
#..........### .....#
########.....### .###.######
#............... .#
#......########.###.##.....###
.###........<...@..o...###...#(%.
.....########.####.##o......).(..
.#.### #.###.####.##%## .#.# #
#.# #.# #.##... ##.# #.####.###.#
#.##..# #.#
...#.....>...o####.##..# #.#
.......................... #.#
....#####....##..#..##..# ..# ...
#...##..###..##..


You could see an orc priest and an orc wizard.

Vanquished Creatures
  An iguana (D:4)
  Terence (D:3)
  3 adders
  2 worms
  An ooze (D:1)
  4 giant cockroaches
  12 hobgoblins
  A ball python (D:3)
  4 bats
  3 giant geckos
  6 giant newts
  9 goblins
  5 kobolds
  10 rats
62 creatures vanquished.

Notes
Turn   | Place    | Note
--------------------------------------------------------------
     0 | D:1      | Nicoed, the Human Fighter, began the quest for the Orb.
     0 | D:1      | Reached XP level 1. HP: 18/18 MP: 1/1
   205 | D:1      | Reached XP level 2. HP: 21/24 MP: 2/2
   514 | D:2      | Reached XP level 3. HP: 18/29 MP: 3/3
   555 | D:2      | Reached skill level 1 in Dodging
  1176 | D:3      | Reached XP level 4. HP: 33/36 MP: 4/4
  1239 | D:3      | Noticed Terence
  1284 | D:3      | Killed Terence
  1533 | D:3      | Noticed Sigmund
  2406 | D:4      | Found Ympaeqia's Assorted Antiques.
  2536 | D:4      | Reached XP level 5. HP: 5/42 MP: 5/5
  3075 | D:4      | Found a glowing golden altar of the Shining One.
  3075 | D:4      | Found a radiant altar of Vehumet.
  3075 | D:4      | Found a burning altar of Makhleb.
  3181 | D:4      | Killed from afar by an orc priest

Action                   |  1- 3 |  4- 6 || total
-------------------------+-------+-------++-------
Melee: Falchion          |   133 |   147 ||   280
Evoke: Wand              |       |     4 ||     4
  Use: Scroll            |     4 |       ||     4
